| TOP OF THE 1ST |
|
San Francisco (APP) Giants batting - Pitching for San Diego (APP) Padres : RHP Rogelio Nunez
|
|
Pitching: RHP Rogelio Nunez
|
|
|
Batting: SHB David Barona
|
0-0: Swinging Strike 0-1: Swinging Strike 0-2: Foul Ball, location: 2F 0-2: Ball 1-2: Ball 2-2: Foul Ball, location: 2F 2-2: Ball 3-2: Strikes out swinging
|
|
Batting: RHB Frank Pena
|
0-0: Foul Ball, location: 2F 0-1: Foul Ball, location: 2F 0-2: Foul Ball, location: 2F 0-2: Foul Ball, location: 2F 0-2: DOUBLE (Line Drive, 5D, EV 97.5 MPH)
|
|
Batting: RHB Jason Gregor
|
0-0: Swinging Strike 0-1: Swinging Strike 0-2: Ball 1-2: Foul Ball, location: 2F 1-2: Foul Ball, location: 2F 1-2: Ball 2-2: Foul Ball, location: 2F 2-2: Strikes out looking
|
|
Batting: RHB Edwin Verdugo
|
0-0: Ball 1-0: Ground out 5-3 (Groundball, 56S, EV 88.8 MPH)
|
| Top of the 1st over - 0 runs, 1 hit, 0 errors, 1 left on base; San Francisco (APP) 0 - San Diego (APP) 0 |
| BOTTOM OF THE 1ST |
|
San Diego (APP) Padres batting - Pitching for San Francisco (APP) Giants : LHP Mike del Rio
|
|
Pitching: LHP Mike del Rio
|
|
|
Batting: SHB Yutaro Takahashi
|
0-0: Swinging Strike 0-1: Hit by Pitch
|
|
Batting: RHB Max Stillo
|
0-0: Ball 1-0: Ball Wild Pitch! Yutaro Takahashi to second 2-0: Ball 3-0: Base on Balls
|
|
Batting: RHB Antonio Lara
|
0-0: Ball 1-0: Ball 2-0: Ball 3-0: Called Strike 3-1: Foul Ball, location: 2F 3-2: Ground out 4-3 (Groundball, 4M, EV 86.3 MPH) Yutaro Takahashi to third Max Stillo to second
|
|
Batting: RHB Freddie Brown
|
0-0: Ball 1-0: Called Strike 1-1: Foul Ball, location: 2F 1-2: Ball 2-2: Ball Wild Pitch! Yutaro Takahashi scores Max Stillo to third 3-2: Ground out 1-3 (Groundball, P, EV 70.0 MPH)
|
|
Batting: LHB Carlos Cuellar
|
0-0: Ball 1-0: Ball 2-0: Ball 3-0: Swinging Strike 3-1: Fly out, F7 (Line Drive, 7, EV 93.1 MPH)
|
| Bottom of the 1st over - 1 run, 0 hits, 0 errors, 1 left on base; San Francisco (APP) 0 - San Diego (APP) 1 |
| TOP OF THE 2ND |
|
San Francisco (APP) Giants batting - Pitching for San Diego (APP) Padres : RHP Rogelio Nunez
|
|
Batting: RHB Teruhide Horiuchi
|
0-0: Called Strike 0-1: Ball 1-1: Ball 2-1: Called Strike 2-2: Ball 3-2: Ground out 1-3 (Groundball, 34S, EV 68.8 MPH)
|
|
Batting: LHB Steve Nevis
|
0-0: Foul Ball, location: 2F 0-1: Ball 1-1: Swinging Strike 1-2: Foul Ball, location: 2F 1-2: Foul Ball, location: 2F 1-2: Reached on error, E6 (Groundball, 6, EV 86.3 MPH)
|
|
Batting: RHB Ed Broomhead
|
0-0: Called Strike 0-1: Ball 1-1: Ball 2-1: Ball 3-1: Called Strike 3-2: Foul Ball, location: 2F 3-2: Base on Balls
|
|
Batting: RHB Sadataka Kuwahara
|
0-0: Ball 1-0: Ball 2-0: SINGLE (Flyball, 89S, EV 87.5 MPH) Steve Nevis to third Ed Broomhead to second Runner from 3rd tries for Home, SAFE, throw by RF to home
|
|
Batting: RHB Dinand Brouwer
|
0-0: Foul Ball, location: 2F 0-1: Ball 1-1: Foul Ball, location: 2F 1-2: Fly out, F8 (Line Drive, 8RM, EV 90.6 MPH)
|
|
Batting: SHB David Barona
|
0-0: Called Strike 0-1: Swinging Strike 0-2: Ball 1-2: Ground out 3-1 (Groundball, 34S, EV 90.6 MPH)
|
| Top of the 2nd over - 1 run, 1 hit, 1 error, 2 left on base; San Francisco (APP) 1 - San Diego (APP) 1 |
| BOTTOM OF THE 2ND |
|
San Diego (APP) Padres batting - Pitching for San Francisco (APP) Giants : LHP Mike del Rio
|
|
Batting: RHB Aaron Joseph
|
0-0: Ball 1-0: Ground out 5-3 (Groundball, 25, EV 79.4 MPH)
|
|
Batting: RHB Tom Tate
|
0-0: Foul Ball, location: 2F 0-1: Ground out 5-3 (Groundball, 56, EV 76.3 MPH)
|
|
Batting: RHB Tyler West
|
0-0: Fly out, F8 (Flyball, 8RS, EV 91.3 MPH)
|
| Bottom of the 2nd over - 0 runs, 0 hits, 0 errors, 0 left on base; San Francisco (APP) 1 - San Diego (APP) 1 |
| TOP OF THE 3RD |
|
San Francisco (APP) Giants batting - Pitching for San Diego (APP) Padres : RHP Rogelio Nunez
|
|
Batting: RHB Frank Pena
|
0-0: Ball 1-0: Fly out, F2 (Popup, 13S, EV 76.9 MPH)
|
|
Batting: RHB Jason Gregor
|
0-0: Ground out U3 (Groundball, 23, EV 89.4 MPH)
|
|
Batting: RHB Edwin Verdugo
|
0-0: Ball 1-0: Ball 2-0: Ball 3-0: Called Strike 3-1: Foul Ball, location: 2F 3-2: Foul Ball, location: 2F 3-2: Foul Ball, location: 2F 3-2: Foul Ball, location: 2F 3-2: Strikes out swinging
|
| Top of the 3rd over - 0 runs, 0 hits, 0 errors, 0 left on base; San Francisco (APP) 1 - San Diego (APP) 1 |
| BOTTOM OF THE 3RD |
|
San Diego (APP) Padres batting - Pitching for San Francisco (APP) Giants : LHP Mike del Rio
|
|
Batting: RHB Stephon Hill
|
0-0: Swinging Strike 0-1: Ground out 4-3 (Groundball, 34, EV 97.5 MPH)
|
|
Batting: SHB Yutaro Takahashi
|
0-0: Ball 1-0: Ball 2-0: Called Strike 2-1: Foul Ball, location: 2F 2-2: Ball 3-2: Base on Balls
|
|
Batting: RHB Max Stillo
|
0-0: Ball Yutaro Takahashi is caught stealing 2nd base 2-4 1-0: Ball 2-0: Ball 3-0: Base on Balls
|
|
Batting: RHB Antonio Lara
|
0-0: Ball 1-0: Foul Ball, location: 2F 1-1: Fielders Choice at 2nd, U4 (Groundball, 4M, EV 103.1 MPH)
|
| Bottom of the 3rd over - 0 runs, 0 hits, 0 errors, 1 left on base; San Francisco (APP) 1 - San Diego (APP) 1 |
| TOP OF THE 4TH |
|
San Francisco (APP) Giants batting - Pitching for San Diego (APP) Padres : RHP Rogelio Nunez
|
|
Batting: RHB Teruhide Horiuchi
|
0-0: Ball 1-0: Called Strike 1-1: Ball 2-1: Ball 3-1: Called Strike 3-2: Foul Ball, location: 2F 3-2: SINGLE (Line Drive, 34, EV 95.0 MPH)
|
|
Batting: LHB Steve Nevis
|
0-0: Ball 1-0: Called Strike 1-1: Foul Ball, location: 2F 1-2: Ball 2-2: TRIPLE (Flyball, 78XD, EV 93.8 MPH) Teruhide Horiuchi scores
|
|
Pitching: LHP Kenny Cohn
|
|
|
Batting: RHB Ed Broomhead
|
0-0: Ball 1-0: Ball 2-0: Swinging Strike 2-1: Ball 3-1: Base on Balls
|
|
Batting: RHB Sadataka Kuwahara
|
0-0: Ball 1-0: Ball 2-0: Ball 3-0: Called Strike 3-1: DOUBLE (Line Drive, 7LS, EV 94.4 MPH) Steve Nevis scores Ed Broomhead to third
|
|
Batting: RHB Dinand Brouwer
|
0-0: Swinging Strike 0-1: Called Strike 0-2: Ball 1-2: Ball 2-2: SINGLE (Line Drive, 56D, EV 105.6 MPH) Ed Broomhead scores Sadataka Kuwahara to third
|
|
Batting: SHB David Barona
|
0-0: Ball 1-0: Ball 2-0: Swinging Strike 2-1: Foul Ball, location: 2F 2-2: Strikes out swinging
|
|
Batting: RHB Frank Pena
|
0-0: Ball 1-0: Called Strike 1-1: 3-RUN HOME RUN (Line Drive, 78XD, EV 107.5 MPH), Distance : 430 ft
|
|
Pitching: RHP Scott Gillis
|
|
|
Batting: RHB Jason Gregor
|
0-0: Called Strike 0-1: Foul Ball, location: 2F 0-2: Ball 1-2: Ball 2-2: Ground out 5-3 (Groundball, 25, EV 85.0 MPH)
|
|
Batting: RHB Edwin Verdugo
|
0-0: Ball 1-0: SINGLE (Groundball, 56S, EV 72.5 MPH) (infield hit)
|
|
Batting: RHB Teruhide Horiuchi
|
0-0: Ball 1-0: SINGLE (Line Drive, 34, EV 101.3 MPH) Edwin Verdugo to second
|
|
Batting: LHB Steve Nevis
|
0-0: Called Strike 0-1: Ball Teruhide Horiuchi steals 2nd base Edwin Verdugo steals 3rd base 1-1: Foul Ball, location: 2F 1-2: Ball 2-2: Foul Ball, location: 2F 2-2: Strikes out swinging
|
| Top of the 4th over - 6 runs, 7 hits, 0 errors, 2 left on base; San Francisco (APP) 7 - San Diego (APP) 1 |
| BOTTOM OF THE 4TH |
|
San Diego (APP) Padres batting - Pitching for San Francisco (APP) Giants : LHP Mike del Rio
|
|
Batting: RHB Freddie Brown
|
0-0: Called Strike 0-1: Foul Ball, location: 2F 0-2: Ball 1-2: Strikes out looking
|
|
Batting: LHB Carlos Cuellar
|
0-0: Swinging Strike 0-1: Ball 1-1: Ball 2-1: Ball 3-1: Foul Ball, location: 2F 3-2: Ground out U3 (Groundball, 3, EV 86.3 MPH)
|
|
Batting: RHB Aaron Joseph
|
0-0: Ball 1-0: Ground out 4-3 (Groundball, 4, EV 99.4 MPH)
|
| Bottom of the 4th over - 0 runs, 0 hits, 0 errors, 0 left on base; San Francisco (APP) 7 - San Diego (APP) 1 |
| TOP OF THE 5TH |
|
San Francisco (APP) Giants batting - Pitching for San Diego (APP) Padres : RHP Scott Gillis
|
|
Batting: RHB Ed Broomhead
|
0-0: Ground out 3-1 (Groundball, 34S, EV 81.3 MPH)
|
|
Batting: RHB Sadataka Kuwahara
|
0-0: Ball 1-0: Foul Ball, location: 2F 1-1: Ball 2-1: Foul Ball, location: 2F 2-2: DOUBLE (Line Drive, 9LM, EV 94.4 MPH)
|
|
Batting: RHB Dinand Brouwer
|
0-0: Ball 1-0: Ball 2-0: Swinging Strike 2-1: Foul Ball, location: 2F 2-2: SINGLE (Groundball, 56D, EV 93.8 MPH) Sadataka Kuwahara to third Runner from 3rd tries for Home, throw by LF and OUT! 7-2
|
|
Batting: SHB David Barona
|
0-0: Ball 1-0: Ball 2-0: Ball 3-0: Called Strike 3-1: Foul Ball, location: 2F 3-2: Base on Balls Dinand Brouwer to second
|
|
Batting: RHB Frank Pena
|
0-0: Called Strike 0-1: Swinging Strike 0-2: Foul Ball, location: 2F 0-2: 3-RUN HOME RUN (Flyball, 78XD, EV 100.0 MPH), Distance : 416 ft
|
|
Batting: RHB Jason Gregor
|
0-0: Fly out, F7 (Flyball, 78D, EV 80.6 MPH)
|
| Top of the 5th over - 3 runs, 3 hits, 0 errors, 0 left on base; San Francisco (APP) 10 - San Diego (APP) 1 |
| BOTTOM OF THE 5TH |
|
San Diego (APP) Padres batting - Pitching for San Francisco (APP) Giants : LHP Mike del Rio
|
|
Batting: RHB Tom Tate
|
0-0: Ground out 6-3 (Groundball, 6, EV 93.1 MPH)
|
|
Batting: RHB Tyler West
|
0-0: Ground out 5-3 (Groundball, 56S, EV 62.5 MPH)
|
|
Batting: RHB Stephon Hill
|
0-0: Hit by Pitch
|
|
Batting: SHB Yutaro Takahashi
|
0-0: Foul Ball, location: 2F 0-1: Ball 1-1: Ball 2-1: Ball 3-1: Swinging Strike 3-2: Ground out 6-3 (Groundball, 6, EV 83.8 MPH)
|
| Bottom of the 5th over - 0 runs, 0 hits, 0 errors, 1 left on base; San Francisco (APP) 10 - San Diego (APP) 1 |
| TOP OF THE 6TH |
|
San Francisco (APP) Giants batting - Pitching for San Diego (APP) Padres : RHP Scott Gillis
|
|
Batting: RHB Edwin Verdugo
|
0-0: Swinging Strike 0-1: Ground out 5-3 (Groundball, 56S, EV 80.0 MPH)
|
|
Batting: RHB Teruhide Horiuchi
|
0-0: Ball 1-0: Ball 2-0: DOUBLE (Flyball, 78XD, EV 110.6 MPH)
|
|
Batting: LHB Steve Nevis
|
0-0: Called Strike 0-1: Ground out U3 (Groundball, 3, EV 87.5 MPH) Teruhide Horiuchi to third
|
|
Batting: RHB Ed Broomhead
|
0-0: Ground out 4-3 (Groundball, 4S, EV 86.9 MPH)
|
| Top of the 6th over - 0 runs, 1 hit, 0 errors, 1 left on base; San Francisco (APP) 10 - San Diego (APP) 1 |
| BOTTOM OF THE 6TH |
|
San Diego (APP) Padres batting - Pitching for San Francisco (APP) Giants : LHP Mike del Rio
|
|
Batting: RHB Max Stillo
|
0-0: Ball 1-0: Called Strike 1-1: Ball 2-1: Ball 3-1: TRIPLE (Line Drive, 9LD, EV 105.0 MPH)
|
|
Batting: RHB Antonio Lara
|
0-0: Ball 1-0: Ball 2-0: Called Strike 2-1: Ball 3-1: Foul Ball, location: 2F 3-2: Fly out, F8 (Flyball, 89D, EV 106.9 MPH) Runner from 3rd tags up, SCORES, throw by CF
|
|
Pitching: RHP Corey Cauley
|
|
|
Batting: RHB Freddie Brown
|
0-0: Called Strike 0-1: Foul Ball, location: 2F 0-2: Ball 1-2: Strikes out swinging
|
|
Batting: LHB Carlos Cuellar
|
0-0: Swinging Strike 0-1: Foul Ball, location: 2F 0-2: Ball 1-2: Foul Ball, location: 2F 1-2: Strikes out looking
|
| Bottom of the 6th over - 1 run, 1 hit, 0 errors, 0 left on base; San Francisco (APP) 10 - San Diego (APP) 2 |
| TOP OF THE 7TH |
|
San Francisco (APP) Giants batting - Pitching for San Diego (APP) Padres : RHP Scott Gillis
|
|
Batting: RHB Sadataka Kuwahara
|
0-0: Foul Ball, location: 2F 0-1: Ball 1-1: Reached on error, E3 (Groundball, 34S, EV 83.1 MPH)
|
|
Batting: RHB Dinand Brouwer
|
0-0: Ball 1-0: Grounds into double play, 6-4-3 (Groundball, 56, EV 101.3 MPH)
|
|
Batting: SHB David Barona
|
0-0: Ball 1-0: Foul Ball, location: 2F 1-1: Ball 2-1: Foul Ball, location: 2F 2-2: Ball 3-2: Foul Ball, location: 2F 3-2: Fly out, F9 (Flyball, 89M, EV 80.6 MPH)
|
| Top of the 7th over - 0 runs, 0 hits, 1 error, 0 left on base; San Francisco (APP) 10 - San Diego (APP) 2 |
| BOTTOM OF THE 7TH |
|
San Diego (APP) Padres batting - Pitching for San Francisco (APP) Giants : RHP Corey Cauley
|
|
Pinch Hitting: LHB Ramon Padilla
|
0-0: Foul Ball, location: 2F 0-1: Foul Ball, location: 2F 0-2: Strikes out looking
|
|
Batting: RHB Tom Tate
|
0-0: Ball 1-0: Ball 2-0: Ball 3-0: Base on Balls
|
|
Batting: RHB Tyler West
|
0-0: Called Strike 0-1: Called Strike 0-2: 2-RUN HOME RUN (Flyball, 7LD, EV 95.0 MPH), Distance : 357 ft
|
|
Batting: RHB Stephon Hill
|
0-0: Called Strike 0-1: Ball 1-1: Called Strike 1-2: Strikes out swinging
|
|
Batting: SHB Yutaro Takahashi
|
0-0: Foul Ball, location: 2F 0-1: Ball 1-1: Swinging Strike 1-2: Ball 2-2: Foul Ball, location: 2F 2-2: Ball 3-2: Foul Ball, location: 2F 3-2: Strikes out swinging
|
| Bottom of the 7th over - 2 runs, 1 hit, 0 errors, 0 left on base; San Francisco (APP) 10 - San Diego (APP) 4 |
| TOP OF THE 8TH |
|
San Francisco (APP) Giants batting - Pitching for San Diego (APP) Padres : RHP Scott Gillis
|
|
Now at 1B: Tyler West
|
|
|
Now at 2B: Brent Little
|
|
|
Batting: RHB Frank Pena
|
0-0: Ball 1-0: Ball 2-0: Ball 3-0: Called Strike 3-1: Base on Balls
|
|
Pitching: RHP Nick Goodlow
|
|
|
Batting: RHB Jason Gregor
|
0-0: Ball Wild Pitch! Frank Pena to second 1-0: Ball 2-0: SINGLE (Groundball, 56D, EV 96.3 MPH) Frank Pena to third
|
|
Batting: RHB Edwin Verdugo
|
0-0: Called Strike 0-1: 3-RUN HOME RUN (Flyball, 7D, EV 98.1 MPH), Distance : 379 ft
|
|
Batting: RHB Teruhide Horiuchi
|
0-0: Called Strike 0-1: Swinging Strike 0-2: Ball 1-2: Ground out 6-3 (Groundball, 6, EV 106.3 MPH)
|
|
Batting: LHB Steve Nevis
|
0-0: Ball 1-0: Fly out, F8 (Flyball, 78D, EV 101.9 MPH)
|
|
Batting: RHB Ed Broomhead
|
0-0: Foul Ball, location: 2F 0-1: Ball 1-1: Called Strike 1-2: Ball 2-2: Strikes out swinging
|
| Top of the 8th over - 3 runs, 2 hits, 0 errors, 0 left on base; San Francisco (APP) 13 - San Diego (APP) 4 |
| BOTTOM OF THE 8TH |
|
San Diego (APP) Padres batting - Pitching for San Francisco (APP) Giants : RHP Corey Cauley
|
|
Batting: RHB Max Stillo
|
0-0: Foul Ball, location: 2F 0-1: Ball 1-1: Foul Ball, location: 2F 1-2: Ball 2-2: Foul Ball, location: 2F 2-2: SINGLE (Line Drive, 8RS, EV 86.3 MPH)
|
|
Pitching: LHP Mark Gregor
|
|
|
Batting: RHB Antonio Lara
|
0-0: Ball 1-0: Called Strike 1-1: Ball 2-1: Foul Ball, location: 2F 2-2: Foul Ball, location: 2F 2-2: Ball 3-2: Strikes out swinging
|
|
Batting: RHB Freddie Brown
|
0-0: Swinging Strike 0-1: Swinging Strike 0-2: Foul Ball, location: 2F 0-2: Ball 1-2: Strikes out looking
|
|
Batting: LHB Carlos Cuellar
|
0-0: Ball 1-0: Foul Ball, location: 2F 1-1: Ball 2-1: Ball 3-1: Base on Balls Max Stillo to second
|
|
Batting: RHB Brent Little
|
0-0: Called Strike 0-1: Ground out U3 (Groundball, 34S, EV 77.5 MPH)
|
| Bottom of the 8th over - 0 runs, 1 hit, 0 errors, 2 left on base; San Francisco (APP) 13 - San Diego (APP) 4 |
| TOP OF THE 9TH |
|
San Francisco (APP) Giants batting - Pitching for San Diego (APP) Padres : RHP Nick Goodlow
|
|
Pitching: RHP Eric Busby
|
|
|
Batting: RHB Sadataka Kuwahara
|
0-0: Ball 1-0: Foul Ball, location: 2F 1-1: Foul Ball, location: 2F 1-2: Ball 2-2: SINGLE (Groundball, 56D, EV 103.8 MPH)
|
|
Batting: RHB Dinand Brouwer
|
0-0: DOUBLE (Groundball, 5L, EV 94.4 MPH) Sadataka Kuwahara to third
|
|
Batting: SHB David Barona
|
0-0: Ground out U3 (Groundball, 34, EV 81.3 MPH) Sadataka Kuwahara scores Dinand Brouwer to third
|
|
Batting: RHB Frank Pena
|
0-0: Swinging Strike 0-1: Ball 1-1: Ball 2-1: Foul Ball, location: 2F 2-2: Ground out 4-3 (Groundball, 4, EV 105.6 MPH) Dinand Brouwer scores
|
|
Batting: RHB Jason Gregor
|
0-0: Ball 1-0: Ball 2-0: Called Strike 2-1: Swinging Strike 2-2: Ball 3-2: Base on Balls
|
|
Batting: RHB Edwin Verdugo
|
0-0: Called Strike 0-1: Fly out, F9 (Flyball, 9LS, EV 93.8 MPH)
|
| Top of the 9th over - 2 runs, 2 hits, 0 errors, 1 left on base; San Francisco (APP) 15 - San Diego (APP) 4 |
| BOTTOM OF THE 9TH |
|
San Diego (APP) Padres batting - Pitching for San Francisco (APP) Giants : LHP Mark Gregor
|
|
Batting: RHB Tom Tate
|
0-0: Ball 1-0: Ball 2-0: Foul Ball, location: 2F 2-1: Called Strike 2-2: Ball 3-2: Foul Ball, location: 2F 3-2: Foul Ball, location: 2F 3-2: Base on Balls
|
|
Batting: RHB Tyler West
|
0-0: Foul Ball, location: 2F 0-1: Ball 1-1: Ball 2-1: Called Strike 2-2: Fly out, F8 (Line Drive, 8RM, EV 110.6 MPH)
|
|
Batting: RHB Stephon Hill
|
0-0: Called Strike 0-1: Swinging Strike 0-2: Fly out, F9 (Flyball, 9LM, EV 89.4 MPH)
|
|
Batting: SHB Yutaro Takahashi
|
0-0: Ball 1-0: Called Strike 1-1: Called Strike 1-2: Strikes out looking
|
| Bottom of the 9th over - 0 runs, 0 hits, 0 errors, 1 left on base; San Francisco (APP) 15 - San Diego (APP) 4 |
|